PAAA
TORTOLITA DRUMMERS @ SALT LAKE CITY BUZZ
09/13/2018
 
TOP OF THE 1ST
Tortolita Drummers batting - Pitching for Salt Lake City Buzz : RHP Huai-yu Kan
Pitching: RHP Huai-yu Kan
Batting: RHB Allen George 0-0: Ball
1-0: Called Strike
1-1: Swinging Strike
1-2: Strikes out looking
Batting: RHB Caleb Mitchell 0-0: Foul Ball, location: 2F
0-1: Called Strike
0-2: Strikes out swinging
Batting: RHB Bart Lewis 0-0: Foul Ball, location: 2F
0-1: Swinging Strike
0-2: Ball
1-2: Ball
2-2: Ball
3-2: Fly out, F3 (Popup, 3F)
Top of the 1st over - 0 run(s), 0 hit(s), 0 error(s), 0 left on base; Tortolita 0 - Salt Lake City 0
BOTTOM OF THE 1ST
Salt Lake City Buzz batting - Pitching for Tortolita Drummers : RHP Aaron Wise
Pitching: RHP Aaron Wise
Batting: LHB Chris Stoltzfus 0-0: Swinging Strike
0-1: Ball
1-1: Ball
2-1: Called Strike
2-2: Ball
3-2: Base on Balls
Batting: RHB Steffen Taylor 0-0: Ball
1-0: Foul Ball, location: 2F
1-1: Ball
2-1: Ball
3-1: Base on Balls
Chris Stoltzfus to second
Batting: LHB George Huffman 0-0: Swinging Strike
0-1: Ball
1-1: Swinging Strike
1-2: Fly out, F7 (Flyball, 7D)
Runner from 2nd tags up, SAFE at 3rd, no throw
Batting: RHB Jim Coffey 0-0: Foul Ball, location: 2F
0-1: Swinging Strike
0-2: Ball
1-2: Foul Ball, location: 2F
1-2: Strikes out swinging
Batting: RHB Roger Osborne 0-0: Called Strike
Passed Ball!
Chris Stoltzfus scores
Steffen Taylor to second
0-1: Fly out, F8 (Flyball, 8RD)
Bottom of the 1st over - 1 run(s), 0 hit(s), 0 error(s), 1 left on base; Tortolita 0 - Salt Lake City 1
TOP OF THE 2ND
Tortolita Drummers batting - Pitching for Salt Lake City Buzz : RHP Huai-yu Kan
Batting: LHB Orlando Trevino 0-0: Foul Ball, location: 2F
0-1: Foul Ball, location: 2F
0-2: Ground out U3 (Groundball, 3)
Batting: RHB Kevin Howard 0-0: Foul Ball, location: 2F
0-1: Foul Ball, location: 2F
0-2: Fly out, F6 (Popup, 56D)
Batting: LHB Ryan Westlake 0-0: Swinging Strike
0-1: Ball
1-1: Ball
2-1: Ball
3-1: Base on Balls
Batting: LHB Pat McJannett 0-0: Ball
1-0: Ball
Ryan Westlake is caught stealing 2nd base
Top of the 2nd over - 0 run(s), 0 hit(s), 0 error(s), 0 left on base; Tortolita 0 - Salt Lake City 1
BOTTOM OF THE 2ND
Salt Lake City Buzz batting - Pitching for Tortolita Drummers : RHP Aaron Wise
Batting: LHB Frank Bass 0-0: Ball
1-0: DOUBLE (Groundball, 3L)
Batting: RHB Ugo Brandini 0-0: Swinging Strike
0-1: Foul Ball, location: 2F
0-2: Ball
1-2: Ball
2-2: Strikes out swinging
Batting: RHB John Ramsey 0-0: Ball
1-0: Called Strike
1-1: Called Strike
1-2: Strikes out swinging
Batting: SHB Carlton Reed 0-0: Ball
1-0: Fly out, F7 (Line Drive, 7S)
Bottom of the 2nd over - 0 run(s), 1 hit(s), 0 error(s), 1 left on base; Tortolita 0 - Salt Lake City 1
TOP OF THE 3RD
Tortolita Drummers batting - Pitching for Salt Lake City Buzz : RHP Huai-yu Kan
Batting: LHB Pat McJannett 0-0: Called Strike
0-1: Ball
1-1: Reached on error, E6 (Groundball, 6M)
Batting: SHB Will Brock 0-0: Called Strike
0-1: Foul Ball, location: 2F
0-2: Foul Ball, location: 2F
0-2: Ball
1-2: Ground out U3 (Groundball, 3)
Pat McJannett to third
Batting: RHB Richard Ollivier 0-0: Ball
1-0: Ball
2-0: Ball
3-0: Base on Balls
Batting: RHB Allen George 0-0: Ball
1-0: Foul Ball, location: 2F
1-1: Reached on error, E5 (Groundball, 5S)
Pat McJannett scores
Richard Ollivier to second
Batting: RHB Caleb Mitchell 0-0: Ball
1-0: Foul Ball, location: 2F
1-1: Ball
2-1: Foul Ball, location: 2F
2-2: Foul Ball, location: 2F
2-2: Strikes out swinging
Batting: RHB Bart Lewis 0-0: Called Strike
0-1: Fly out, F7 (Line Drive, 7D)
Top of the 3rd over - 1 run(s), 0 hit(s), 2 error(s), 2 left on base; Tortolita 1 - Salt Lake City 1
BOTTOM OF THE 3RD
Salt Lake City Buzz batting - Pitching for Tortolita Drummers : RHP Aaron Wise
Batting: LHB Chris Stoltzfus 0-0: Ball
1-0: Called Strike
1-1: Called Strike
1-2: Fly out, F6 (Popup, 56D)
Batting: RHB Steffen Taylor 0-0: Ball
1-0: Called Strike
1-1: Swinging Strike
1-2: Ball
2-2: Foul Ball, location: 2F
2-2: Foul Ball, location: 2F
2-2: Strikes out swinging
Batting: LHB George Huffman 0-0: Called Strike
0-1: Ground out U3 (Groundball, 3L)
Bottom of the 3rd over - 0 run(s), 0 hit(s), 0 error(s), 0 left on base; Tortolita 1 - Salt Lake City 1
TOP OF THE 4TH
Tortolita Drummers batting - Pitching for Salt Lake City Buzz : RHP Huai-yu Kan
Batting: LHB Orlando Trevino 0-0: Ball
1-0: Swinging Strike
1-1: Ball
2-1: Foul Ball, location: 2F
2-2: Fly out, F7 (Flyball, 7LMF)
Batting: RHB Kevin Howard 0-0: Ball
1-0: Ball
2-0: Ball
3-0: Called Strike
3-1: Base on Balls
Batting: LHB Ryan Westlake 0-0: Ball
1-0: Ball
2-0: Foul Ball, location: 2F
2-1: Fielders Choice at 2nd, U6 (Groundball, 6M)
Batting: LHB Pat McJannett 0-0: Ball
1-0: Called Strike
Ryan Westlake steals 2nd base
1-1: Foul Ball, location: 2F
1-2: Strikes out swinging
Top of the 4th over - 0 run(s), 0 hit(s), 0 error(s), 1 left on base; Tortolita 1 - Salt Lake City 1
BOTTOM OF THE 4TH
Salt Lake City Buzz batting - Pitching for Tortolita Drummers : RHP Aaron Wise
Batting: RHB Jim Coffey 0-0: Ball
1-0: Called Strike
1-1: Ball
2-1: Fly out, F8 (Flyball, 8RXD)
Batting: RHB Roger Osborne 0-0: Ball
1-0: Ground out 1-3 (Groundball, 15)
Batting: LHB Frank Bass 0-0: DOUBLE (Line Drive, 9LS)
Batting: RHB Ugo Brandini 0-0: Ball
1-0: Ground out 6-3 (Groundball, 6)
Bottom of the 4th over - 0 run(s), 1 hit(s), 0 error(s), 1 left on base; Tortolita 1 - Salt Lake City 1
TOP OF THE 5TH
Tortolita Drummers batting - Pitching for Salt Lake City Buzz : RHP Huai-yu Kan
Batting: SHB Will Brock 0-0: Called Strike
0-1: Foul Ball, location: 2F
0-2: Strikes out swinging
Batting: RHB Richard Ollivier 0-0: Foul Ball, location: 2F
0-1: Swinging Strike
0-2: Ball
1-2: Ball
2-2: Foul Ball, location: 2F
2-2: Foul Ball, location: 2F
2-2: Reached on error, E5 (Groundball, 5)
Batting: RHB Allen George 0-0: Ball
1-0: Called Strike
1-1: Foul Ball, location: 2F
1-2: Foul Ball, location: 2F
1-2: Ground out 1-3 (Groundball, 15S)
Batting: RHB Caleb Mitchell 0-0: Fly out, F7 (Flyball, 7LD)
Top of the 5th over - 0 run(s), 0 hit(s), 1 error(s), 1 left on base; Tortolita 1 - Salt Lake City 1
BOTTOM OF THE 5TH
Salt Lake City Buzz batting - Pitching for Tortolita Drummers : RHP Aaron Wise
Batting: RHB John Ramsey 0-0: Ball
1-0: SINGLE (Groundball, 56D)
Batting: SHB Carlton Reed 0-0: Ball
1-0: Bunted foul
1-1: Bunted foul
1-2: Ball
2-2: SINGLE (Line Drive, 5D)
John Ramsey to second
Batting: LHB Chris Stoltzfus 0-0: Called Strike
0-1: Swinging Strike
0-2: Foul Ball, location: 2F
0-2: Foul Ball, location: 2F
0-2: Ball
1-2: Strikes out looking
Batting: RHB Steffen Taylor 0-0: Called Strike
0-1: Fly out, F9 (Flyball, 89M)
Batting: LHB George Huffman 0-0: Called Strike
0-1: Ball
1-1: Swinging Strike
1-2: Foul Ball, location: 2F
1-2: Ball
2-2: Foul Ball, location: 2F
2-2: Ball
3-2: SINGLE (Groundball, 34D)
John Ramsey to third
Carlton Reed to second
John Ramsey scores
Carlton Reed to third
Batting: RHB Jim Coffey 0-0: Fielders Choice at 2nd, U6 (Groundball, 6M)
Bottom of the 5th over - 1 run(s), 3 hit(s), 0 error(s), 2 left on base; Tortolita 1 - Salt Lake City 2
TOP OF THE 6TH
Tortolita Drummers batting - Pitching for Salt Lake City Buzz : RHP Huai-yu Kan
Batting: RHB Bart Lewis 0-0: Ball
1-0: Swinging Strike
1-1: SINGLE (Line Drive, 34)
Batting: LHB Orlando Trevino 0-0: Ball
Bart Lewis is caught stealing 2nd base
1-0: Fly out, F5 (Popup, 5F)
Batting: RHB Kevin Howard 0-0: Ball
1-0: Ball
2-0: SINGLE (Groundball, 6)
Pitching: RHP Scott Neal
Batting: LHB Ryan Westlake 0-0: Ball
1-0: Swinging Strike
1-1: Foul Ball, location: 2F
1-2: Strikes out looking
Top of the 6th over - 0 run(s), 2 hit(s), 0 error(s), 1 left on base; Tortolita 1 - Salt Lake City 2
BOTTOM OF THE 6TH
Salt Lake City Buzz batting - Pitching for Tortolita Drummers : RHP Aaron Wise
Batting: RHB Roger Osborne 0-0: Foul Ball, location: 2F
0-1: Ball
1-1: Swinging Strike
1-2: Foul Ball, location: 2F
1-2: Ball
2-2: SINGLE (Line Drive, 6MD)
Batting: LHB Frank Bass 0-0: Foul Ball, location: 2F
0-1: Ball
1-1: Ground out 3-1 (Groundball, 34)
Roger Osborne to second
Batting: RHB Ugo Brandini 0-0: Ground out 4-3 (Groundball, 4)
Roger Osborne to third
Batting: RHB John Ramsey 0-0: Called Strike
0-1: Ball
1-1: Foul Ball, location: 2F
1-2: Ball
2-2: SINGLE (Line Drive, 56)
Roger Osborne scores
Batting: SHB Carlton Reed 0-0: Called Strike
0-1: Called Strike
0-2: Ball
1-2: Foul Ball, location: 2F
1-2: Ball
2-2: Ball
3-2: Foul Ball, location: 2F
3-2: Foul Ball, location: 2F
3-2: Foul Ball, location: 2F
3-2: Foul Ball, location: 2F
3-2: 2-RUN HOME RUN (Line Drive, 89XD), Distance : 440 ft
Batting: LHB Chris Stoltzfus 0-0: Ball
1-0: Called Strike
1-1: Called Strike
1-2: Ground out 1-3 (Groundball, 15)
Bottom of the 6th over - 3 run(s), 3 hit(s), 0 error(s), 0 left on base; Tortolita 1 - Salt Lake City 5
TOP OF THE 7TH
Tortolita Drummers batting - Pitching for Salt Lake City Buzz : RHP Scott Neal
Batting: LHB Pat McJannett 0-0: Ball
1-0: Swinging Strike
1-1: Fly out, F6 (Popup, 56)
Batting: SHB Will Brock 0-0: SINGLE (Line Drive, 4D)
Batting: RHB Richard Ollivier 0-0: Ball
1-0: Ball
Will Brock steals 2nd base
2-0: SINGLE (Groundball, 5L)
Will Brock to third
Runner from 3rd tries for Home, SAFE, no throw or cutoff
Batting: RHB Allen George 0-0: Ball
1-0: Ball
2-0: SINGLE (Line Drive, 4)
Richard Ollivier to second
Runner from 2nd tries for 3rd, SAFE, throw made to third
Allen George to second
Batting: RHB Caleb Mitchell 0-0: Called Strike
0-1: Ball
1-1: Swinging Strike
1-2: Ball
2-2: Strikes out swinging
Batting: RHB Bart Lewis 0-0: SINGLE (Groundball, 4M)
Richard Ollivier scores
Allen George to third
Runner from 3rd tries for Home, SAFE, no throw or cutoff
Pitching: RHP Suezo Sato
Batting: LHB Orlando Trevino 0-0: Called Strike
0-1: Called Strike
0-2: Ball
1-2: Fly out, F8 (Flyball, 8LM)
Top of the 7th over - 3 run(s), 4 hit(s), 0 error(s), 1 left on base; Tortolita 4 - Salt Lake City 5
BOTTOM OF THE 7TH
Salt Lake City Buzz batting - Pitching for Tortolita Drummers : RHP Aaron Wise
Batting: RHB Steffen Taylor 0-0: Called Strike
0-1: Ball
1-1: Called Strike
1-2: Foul Ball, location: 2F
1-2: Foul Ball, location: 2F
1-2: Ball
2-2: Ball
3-2: Strikes out swinging
Batting: LHB George Huffman 0-0: Ball
1-0: Ball
2-0: Ball
3-0: Base on Balls
Pitching: RHP Kevin Gross
Batting: RHB Jim Coffey 0-0: Called Strike
0-1: Foul Ball, location: 2F
0-2: Ball
1-2: Strikes out looking
Batting: RHB Roger Osborne 0-0: Fly out, F8 (Flyball, 8RXD)
Bottom of the 7th over - 0 run(s), 0 hit(s), 0 error(s), 1 left on base; Tortolita 4 - Salt Lake City 5
TOP OF THE 8TH
Tortolita Drummers batting - Pitching for Salt Lake City Buzz : RHP Suezo Sato
Pitching: RHP Mike Humphrey
Batting: RHB Kevin Howard 0-0: Ball
1-0: Foul Ball, location: 2F
1-1: Ball
2-1: Fly out, F8 (Flyball, 8LM)
Batting: LHB Ryan Westlake 0-0: Called Strike
0-1: Ball
1-1: Foul Ball, location: 2F
1-2: Strikes out swinging
Batting: LHB Pat McJannett 0-0: Ball
1-0: Called Strike
1-1: Foul Ball, location: 2F
1-2: Ball
2-2: Strikes out looking
Top of the 8th over - 0 run(s), 0 hit(s), 0 error(s), 0 left on base; Tortolita 4 - Salt Lake City 5
BOTTOM OF THE 8TH
Salt Lake City Buzz batting - Pitching for Tortolita Drummers : RHP Kevin Gross
Batting: LHB Frank Bass 0-0: Called Strike
0-1: Foul Ball, location: 2F
0-2: Ground out 5-3 (Groundball, 5S)
Batting: RHB Ugo Brandini 0-0: Ball
1-0: Ball
2-0: Ball
3-0: Called Strike
3-1: Called Strike
3-2: Foul Ball, location: 2F
3-2: Foul Ball, location: 2F
3-2: Foul Ball, location: 2F
3-2: Fly out, F3 (Popup, 4MS)
Batting: RHB John Ramsey 0-0: Called Strike
0-1: Ball
1-1: Ground out 1-3 (Groundball, 15S)
Bottom of the 8th over - 0 run(s), 0 hit(s), 0 error(s), 0 left on base; Tortolita 4 - Salt Lake City 5
TOP OF THE 9TH
Tortolita Drummers batting - Pitching for Salt Lake City Buzz : RHP Mike Humphrey
Pitching: RHP Barry Jones
Batting: SHB Will Brock 0-0: Called Strike
0-1: Ball
1-1: Ball
2-1: Ball
3-1: Fly out, F7 (Flyball, 7D)
Pinch Hitting: RHB Anastasio Cabanillas 0-0: Ball
1-0: Swinging Strike
1-1: Called Strike
1-2: Strikes out swinging
Pinch Hitting: RHB Hoyt Powers 0-0: Called Strike
0-1: Foul Ball, location: 2F
0-2: Ball
1-2: Ball
2-2: Ball
3-2: Fly out, F7 (Line Drive, 7D)
Top of the 9th over - 0 run(s), 0 hit(s), 0 error(s), 0 left on base; Tortolita 4 - Salt Lake City 5
This league is powered by Out of the Park Baseball, the baseball management simulation game for PC, Mac and Linux
Monday, May 4th, 2015 - OOTP Baseball 15.6 Build 34